 Dungeon Crawl Stone Soup version 0.27-a0-1202-ge72e49191c (webtiles) character file.

Game seed: 7738989710103103486

480 robertstho the Ruffian (level 6, -11/91 HPs)
             Began as a Troll Berserker on June 2, 2021.
             Was a Believer of Trog.
             Mangled by an ogre
             ... wielding a +0 giant club
              (21 damage)
             ... on level 4 of the Dungeon.
             The game lasted 00:02:37 (2897 turns).

robertstho the Ruffian (Troll Berserker)            Turns: 2897, Time: 00:02:37

Health: -11/91     AC:  4    Str: 27    XL:     6   Next: 86%
Magic:  5/5        EV: 10    Int:  4    God:    Trog [**....]
Gold:   106        SH:  0    Dex:  9    Spells: 5/5 levels left

rFire    . . .     SeeInvis .     - Unarmed
rCold    . . .     Faith    .   (no shield)
rNeg     . . .     Spirit   .   a - +0 animal skin
rPois    +         Reflect  .   (helmet restricted)
rElec    .         Harm     .   (no cloak)
rCorr    .         Rampage  .   (gloves unavailable)
Will     .....                  (boots unavailable)
Stlth    ..........             (no amulet)
HPRegen  1.25/turn              e - ring of poison resistance
MPRegen  0.09/turn              (no ring)

@: berserking, very quick
A: large, unfitting armour, claws 3, regeneration 1, shaggy fur 1, tough skin 1
a: Renounce Religion, Berserk, Trog's Hand


You were on level 4 of the Dungeon.
You worshipped Trog.
Trog was pleased with you.
You visited 1 branch of the dungeon, and saw 4 of its levels.

You collected 106 gold pieces.

Inventory:

Armour
 a - a +0 animal skin (worn)
Jewellery
 e - a ring of poison resistance (left claw)
Wands
 j - a wand of flame (12)
Scrolls
 d - 2 scrolls of identify
 f - a scroll of immolation
 g - 2 scrolls of teleportation
 h - a scroll of magic mapping
 i - a scroll of fog
Potions
 b - 2 potions of cancellation
 c - a potion of flight
 k - a potion of lignification {unknown}


   Skills:
 * Level 3.5 Fighting
 + Level 3.1 Dodging
 + Level 0.7 Stealth
 * Level 6.4 Unarmed Combat


You had 5 spell levels left.
You didn't know any spells.
Your spell library was empty.

Dungeon Overview and Level Annotations

Branches:
Dungeon (4/15)
 Temple: D:4-7

Altars:
Hepliaklqana
Nemelex Xobeh
Trog


Innate Abilities, Weirdness & Mutations

You are too large for most types of armour.
You have claws for hands.
Your natural rate of healing is unusually fast.
You are covered in fur. (AC +1)
You have tough skin. (AC +1)


Message History

Menkaure shouts!
Found 10 stones.
Menkaure is nearby!
Menkaure is nearby!
Menkaure is nearby!
Menkaure is nearby!
An ogre comes into view. It is wielding a +0 giant club.
Found 17 stones.
Found an escape hatch in the floor.
A hound comes into view.
The ogre shouts!
You hear an angry hiss.
The hound barks!
You scratch Menkaure.
Menkaure is lightly damaged.
Menkaure calls on the powers of darkness!
Your body is wracked with pain!
The ogre convulses!
The hound convulses!
You completely miss the ogre. You claw the ogre!
The ogre is severely wounded.
The ogre hits you with a +0 giant club! The hound bites you.
* * * LOW HITPOINT WARNING * * *
A red film seems to cover your vision as you go berserk!
You feel yourself moving faster!
You feel mighty!
An iguana comes into view.
The hound bites you but does no damage. Menkaure closely misses you.
You claw Menkaure!
Menkaure is heavily damaged.
The hound closely misses you. The ogre hits you with a +0 giant club!
* * * LOW HITPOINT WARNING * * *
Menkaure points at you and mumbles some strange words.
Pain shoots through your body!
* * * LOW HITPOINT WARNING * * *
You claw Menkaure!
You destroy Menkaure!
Trog accepts your kill.
Trog appreciates your killing of a magic user.
The hound closely misses you.
Your Unarmed Combat skill increases to level 6!
You scratch the ogre.
The ogre is almost dead.
The ogre hits you with a +0 giant club!!
You die...

.# #...# #.# #..^.......
.# #...# #.# #..........
## #.### #.# #..........
# #. #.# #.......... #
#.##### #..........
....(..##.####..........
........#.).............
........#.###.#######...
.......@#####.# #..)
......Oh......# #####'#
..l....######## #...#).
.....(. #.#.#.) .......
#.### ..>.... #....
######. ##### #.


You could see an ogre, an iguana and a hound.

Vanquished Creatures
  Menkaure (D:4)
  An ogre (D:2)
  A phantom (D:4)
  A hound (D:4)
  2 iguanas
  A hound skeleton (D:4)
  4 adders
  An ufetubus (D:3)
  A dart slug (D:2)
  6 orcs
  7 endoplasms
  2 giant cockroaches
  3 goblins (D:4)
  4 hobgoblins
  3 jackals (D:4)
  3 quokkas
  6 ball pythons
  6 bats
  7 frilled lizards
  5 kobolds
  3 rats
68 creatures vanquished.

Notes
Turn   | Place    | Note
-------+----------+-------------------------------------------
     0 | D:1      | robertstho the Troll Berserker began the quest for the Orb.
     0 | D:1      | Reached XP level 1. HP: 22/22 MP: 0/0
   325 | D:1      | Reached XP level 2. HP: 29/29 MP: 1/1
  1319 | D:2      | Reached XP level 3. HP: 36/36 MP: 2/2
  1320 | D:2      | Noticed an ogre
  1327 | D:2      | Killed an ogre
  1328 | D:2      | Reached skill level 4 in Unarmed Combat
  1328 | D:2      | Reached XP level 4. HP: 45/45 MP: 3/3
  1360 | D:2      | Reached ** piety under Trog
  1497 | D:2      | Reached XP level 5. HP: 53/53 MP: 4/4
  1959 | D:3      | Found a sparkling altar of Nemelex Xobeh.
  2130 | D:3      | Found a bloodstained altar of Trog.
  2228 | D:3      | Reached skill level 5 in Unarmed Combat
  2639 | D:4      | Found a hazy altar of Hepliaklqana.
  2657 | D:4      | Noticed a phantom
  2667 | D:4      | Killed a phantom
  2668 | D:4      | Reached XP level 6. HP: 61/61 MP: 5/5
  2889 | D:4      | Noticed Menkaure
  2896 | D:4      | Killed Menkaure
  2897 | D:4      | Reached skill level 6 in Unarmed Combat
  2897 | D:4      | Mangled by an ogre

Illustrated notes

Levels and vault maps discovered:
D:1:      dpeg_arrival_round_c, layout_basic
D:2:      layout_basic
D:3:      layout_loops_corners, lemuel_round_altar, general_overflow_altar,
          minmay_fountain_box
D:4:      cheibrodos_quashed, layout_basic, nzn_hepliaklqana_mist_gate,
          corexii_checkpoint_b, uniq_eustachio, uniq_menkaure

Skill      XL: |  1  2  3  4  5  6 |
---------------+-------------------+-----
Fighting       | 3 |  3.5
Unarmed Combat | 4 5 6 |  6.4
Dodging        | 3 |  3.1
Stealth        | |  0.7

Action                   |  1- 3 |  4- 6 || total
-------------------------+-------+-------++-------
Melee: Unarmed           |    71 |    92 ||   163
       Punch             |     1 |     3 ||     4
Invok: Berserk           |     1 |     1 ||     2
  Use: Scroll            |       |     6 ||     6
 Stab: Sleeping          |     1 |     2 ||     3
Armor: Animal skin       |    28 |    31 ||    59
Dodge: Dodged            |    36 |    49 ||    85

Table legend: (Time is in decaauts)
 A = Elapsed time spent in this place.
 B = Non-inter-level travel time spent in this place.
 C = Inter-level travel time spent in this place.
 D = Time resting spent in this place.
 E = Time spent auto-exploring this place.
 F = Levels seen in this place.
 G = Mean time per level.
                   A        B        C        D        E       F      G
               +--------+--------+--------+--------+--------+-----+--------+
         Total |   2887 |   2826 |     61 |      0 |   2464 |   4 |  721.8 |
       Dungeon |   2887 |   2826 |     61 |      0 |   2464 |   4 |  721.8 |
               +--------+--------+--------+--------+--------+-----+--------+

Top non-repeatable levels by time:
     D:3: 860 daAuts
     D:1: 831 daAuts
     D:2: 811 daAuts
     D:4: 384 daAuts
